 Dungeon Crawl Stone Soup version 0.21.1-1-g345015f (webtiles) character file.

179 Iko the Charmwright (level 5, -8/34 HPs)
             Began as a Halfling Skald on May 12, 2018.
             Mangled by an ogre
             ... wielding a +0 giant club
              (18 damage)
             ... on level 5 of the Dungeon.
             The game lasted 00:16:13 (1076 turns).

Iko the Charmwright (Halfling Skald)                Turns: 1076, Time: 00:16:14

Health: -8/34      AC:  7    Str: 12    XL:     5   Next: 90%
Magic:  3/8        EV: 12    Int: 12    God:
Gold:   146        SH:  9    Dex: 14    Spells: 7/8 levels left

rFire    . . .     SeeInvis .   a - +0 hand axe
rCold    . . .     Gourm    .   f - +1 shield
rNeg     . . .     Faith    .   b - +0 leather armour
rPois    .         Spirit   .   e - +1 helmet
rElec    .         Reflect  .   (no cloak)
rCorr    .         Harm     .   (no gloves)
MR       .....                  g - +1 pair of boots
Stlth    +.........             (no amulet)
HPRegen  0.11/turn              (no ring)
MPRegen  0.11/turn              (no ring)

@: infused
A: small, mutation resistance 1
a: no special abilities


You were on level 5 of the Dungeon.
You were very hungry.

You visited 1 branch of the dungeon, and saw 5 of its levels.

You collected 146 gold pieces.

Inventory:

Hand Weapons
 a - a +0 hand axe (weapon)
Missiles
 i - 6 tomahawks (quivered)
Armour
 b - a +0 leather armour (worn)
 e - a +1 helmet (worn)
 f - a +1 shield (worn)
 g - a +1 pair of boots (worn)
Scrolls
 h - a scroll of fear
 j - a scroll of remove curse
 k - a scroll of teleportation
Books
 c - a book of Battle

   Spells                             Type                      Level
   a - Infusion                       Charms                       1
   b - Shroud of Golubria             Charms/Translocation         2
   c - Song of Slaying                Charms                       2
   d - Spectral Weapon                Hexes/Charms                 3
   e - Regeneration                   Charms/Necromancy            3
Comestibles
 d - 3 rations


   Skills:
 + Level 2.2 Fighting
 + Level 3.0 Axes
 + Level 1.2 Throwing
 + Level 2.0 Armour
 + Level 3.2 Dodging
 + Level 2.1 Shields
 + Level 2.0 Spellcasting
 + Level 3.6 Charms


You had 7 spell levels left.
You knew the following spells:

 Your Spells              Type           Power        Failure   Level  Hunger
a - Infusion              Chrm           #...         41%         1    ##.....


Dungeon Overview and Level Annotations

Branches:
Dungeon (5/15)
 Temple: D:4-7

Altars:


Innate Abilities, Weirdness & Mutations

You are small and have problems with some larger weapons.
You are somewhat resistant to further mutation.


Message History

The ogre hits you with a giant club!!
Ouch! That really hurt!
You hit the ogre.
The ogre is moderately wounded.
The ogre hits you with a giant club.
You hit the ogre!
The ogre is heavily wounded.
The ogre closely misses you.
You slash the ogre!
The ogre is severely wounded.
The ogre barely misses you.
You hit the ogre.
The ogre is almost dead.
You feel better. The ogre hits you with a giant club!
* * * LOW HITPOINT WARNING * * *
Your shield prevents you from hitting the ogre.
The ogre is almost dead.
The ogre hits you with a giant club!!
Ouch! That really hurt!
You die...

############.#
.........#######
.............)..
##.......#######
+.............
#.......###### ##.....##
###.....############
............@O......
###.....#################
#.....................#
#......##############.#
#......# #.# ###......#
#.# .........#########
#.# ...#####....#....#
#.# ... ##.##.#.##.# #.#


You could see an ogre.

Vanquished Creatures
  An ice beast (D:5)
  An orc wizard (D:5)
  A howler monkey skeleton (D:5)
  2 adders
  An ooze (D:1)
  2 leopard geckos (D:1)
  4 orcs (D:5)
  A hobgoblin (D:3)
  5 kobolds
  A ball python (D:2)
  2 bats
  A frilled lizard (D:2)
  3 goblins
  5 rats
30 creatures vanquished.

Notes
Turn   | Place    | Note
-------+----------+-------------------------------------------
     0 | D:1      | Iko the Halfling Skald began the quest for the Orb.
     0 | D:1      | Reached XP level 1. HP: 14/14 MP: 3/3
   116 | D:1      | Reached XP level 2. HP: 10/19 MP: 4/4
   233 | D:2      | Reached XP level 3. HP: 14/24 MP: 5/5
   423 | D:3      | Reached skill level 1 in Shields
   809 | D:5      | Entered Level 5 of the Dungeon
   814 | D:5      | Reached XP level 4. HP: 27/29 MP: 2/6
   903 | D:5      | Noticed an ice beast
   927 | D:5      | Killed an ice beast
   927 | D:5      | Reached skill level 1 in Throwing
   927 | D:5      | Reached XP level 5. HP: 23/34 MP: 3/8
  1061 | D:5      | Noticed an ogre
  1076 | D:5      | Mangled by an ogre

Skill      XL: |  1  2  3  4  5 |
---------------+----------------+-----
Shields        | 1 2 |  2.1
Fighting       | 2 |  2.2
Dodging        | 3 |  3.2
Throwing       | 1 |  1.2
Armour         | 2 |  2.0
Spellcasting   | 2 |  2.0
Axes           | 3 |  3.0
Charms         | |  3.6

Action                   |  1- 3 |  4- 6 || total
-------------------------+-------+-------++-------
Melee: Hand axe          |    97 |    53 ||   150
Throw: Tomahawk          |    32 |     1 ||    33
 Cast: Infusion          |     3 |     3 ||     6
  Use: Scroll            |     9 |       ||     9
       Potion            |     1 |     2 ||     3
Armor: Leather armour    |    19 |    19 ||    38
Dodge: Dodged            |    53 |    25 ||    78
Block: Shield            |    50 |    19 ||    69
       Buckler           |     3 |       ||     3
